 Dungeon Crawl Stone Soup version 0.27-a0-1049-g450f9b2e0d (webtiles) character file.

Game seed: 3004346608106139295

4 kae the Ruffian (level 1, 0/18 HPs)
             Began as a Naga Transmuter on Apr 20, 2021.
             Slain by a hobgoblin (2 damage)
             ... on level 1 of the Dungeon.
             The game lasted 00:00:07 (258 turns).

kae the Ruffian (Naga Transmuter)                    Turns: 258, Time: 00:00:08

Health: 0/18       AC:  1    Str: 12    XL:     1   Next: 70%
Magic:  2/3        EV:  9    Int: 13    God:
Gold:   21         SH:  0    Dex: 11    Spells: 3/4 levels left

rFire    . . .     SeeInvis +     - Unarmed
rCold    . . .     Faith    .   (no shield)
rNeg     . . .     Spirit   .   a - +0 robe
rPois    +         Reflect  .   (helmet currently unavailable)
rElec    .         Harm     .   (no cloak)
rCorr    .         Rampage  .   (no gloves)
Will     .....                  (no barding)
Stlth    +.........             (no amulet)
HPRegen  0.06/turn              (no ring)
MPRegen  0.08/turn              (no ring)

@: short of breath, appendages (expiring), very slow
A: horns 2, AC +0, large, see invisible, deformed body, poison resistance,
slowness 2, spit poison 1, naga tail 1
a: Spit Poison, End Transformation


You were on level 1 of the Dungeon.
You had temporarily grown beastly horns.
You visited 1 branch of the dungeon, and saw 1 of its levels.

You collected 21 gold pieces.

Inventory:

Armour
 a - a +0 robe (worn)


   Skills:
 + Level 1.1 Fighting
 + Level 1.6 Dodging
 * Level 3.0 Unarmed Combat
 + Level 2.0 Spellcasting
 * Level 2.1 Transmutations


You had 3 spell levels left.
You knew the following spells:

 Your Spells              Type           Power      Damage    Failure   Level
a - Beastly Appendage     Tmut           12%        N/A       11%         1

Your spell library contained the following spells:

 Spells                   Type           Power      Damage    Failure   Level
 Wereblood                Tmut           6%         N/A       16%         2
 Spider Form              Tmut/Pois      2%         N/A       43%         3
 Ice Form                 Ice/Tmut       4%         N/A       85%         4
 Hydra Form               Tmut           3%         N/A       96%         5


Dungeon Overview and Level Annotations

Branches:
Dungeon (1/15)

Altars:

Shops:
D:1 :


Innate Abilities, Weirdness & Mutations

You have temporarily grown beastly horns.
Your serpentine skin is tough. (AC +0)
You have supernaturally acute eyesight. (SInv)
Armour fits poorly on your strangely shaped body.
Your system is resistant to poisons. (rPois)
You cover ground very slowly.
You can spit poison.
You have a snake-like lower body.


Message History

You hit the hobgoblin.
The hobgoblin is almost dead.
The hobgoblin hits you but does no damage.
You barely miss the hobgoblin. Your headbutt misses the hobgoblin.
The hobgoblin is almost dead.
A goblin comes into view. It is wielding a +0 dagger.
There are monsters nearby!
Casting: Beastly Appendage (safe; 11% risk of failure)
Confirm with . or Enter, or press ? or * to list all spells.
You extend your transformation's duration.
The goblin shouts!
The hobgoblin hits you but does no damage.
The ball python bites you.
You have got your breath back.
The hobgoblin closely misses you. The ball python bites you.
You are too injured to fight recklessly!
You are too injured to fight recklessly!
The hobgoblin closely misses you. The hobgoblin hits you.
The ball python bites you. The ball python bites you.
Your transformation is almost over.
You hit the ball python.
You kill the ball python!
Press: ? - help, Shift-Dir - straight line, f/p - hobgoblin
Aim: a hobgoblin (almost dead)
The splash of poison misses the goblin.
The splash of poison misses the hobgoblin.
The goblin hits you with a +0 dagger.
* * * LOW HITPOINT WARNING * * *
You hit the goblin.
You kill the goblin!
You aren't carrying any potions.
You hit the hobgoblin but do no damage.
The hobgoblin is almost dead.
The hobgoblin hits you.
* * * LOW HITPOINT WARNING * * *
You closely miss the hobgoblin.
The hobgoblin is almost dead.
The hobgoblin hits you.
You die...

#....... .#.......
......... ........#
.......g## ...≈...g.
...≈≈...######
..≈.≈≈..gg@..♣ ...
##≈.#≈#..##♣.∩.♣ #.#
≈≈##≈≈..### ♣## #.#
##...≈....# #.#
#.≈..≈....# #.#
#≈≈.......# #.#
≈≈#.......# #.##
≈.#....≈..#######..#######
#....≈≈≈.................


You could see a hobgoblin and a goblin.

Vanquished Creatures
  2 ball pythons (D:1)
  A goblin (D:1)
  3 rats (D:1)
6 creatures vanquished.

Notes
Turn   | Place    | Note
-------+----------+-------------------------------------------
     0 | D:1      | kae the Naga Transmuter began the quest for the Orb.
     0 | D:1      | Reached XP level 1. HP: 18/18 MP: 3/3
   244 | D:1      | Found Nemunod's Book Emporium.
   258 | D:1      | Slain by a hobgoblin

Illustrated notes

Levels and vault maps discovered:
D:1:      onia_arrival_handbag, layout_basic, serial_shops, nicolae_shop_trees,
          hellmonk_ecumenical_altar_run_dry, chequers_serial_rivers_small_b

Action                   || total
-------------------------++-------
Melee: Unarmed           ||    13
 Cast: Beastly Appendage ||     6
 Abil: Spit Poison       ||     4
Armor: Robe              ||     2
Dodge: Dodged            ||     9

Table legend: (Time is in decaauts)
 A = Elapsed time spent in this place.
 B = Non-inter-level travel time spent in this place.
 C = Inter-level travel time spent in this place.
 D = Time resting spent in this place.
 E = Time spent auto-exploring this place.
 F = Levels seen in this place.
 G = Mean time per level.
                   A        B        C        D        E       F      G
               +--------+--------+--------+--------+--------+-----+--------+
         Total |    279 |    279 |      0 |      0 |    238 |   1 |  279.0 |
       Dungeon |    279 |    279 |      0 |      0 |    238 |   1 |  279.0 |
               +--------+--------+--------+--------+--------+-----+--------+

Top non-repeatable levels by time:
     D:1: 279 daAuts
